Map: 暮色之塔

Players

shengy - Winner!

  • Race: Zerg Zerg
  • League: Platinum

FuRiouS

  • Race: Protoss Protoss
  • League: Platinum

VOD

Have the link to the VOD?

Description

Time

  • Played on: Jan. 1, 2016, 10:13 p.m.
  • Length: 2:46
Show
View Real Time Build Order
Export as new Build Order

shengy Zerg - Winner!

Build Orders: Pool Only 

Get SALT Encoding   

  12  0:01  Drone  
  13  0:17  Extractor  
  12  0:24  Spawning Pool  
  11  0:28  Drone  
  11  0:33  Drone  
  13  0:44  Overlord  
  13  0:51  Drone  
  14  1:12  Zergling x6  
  14  1:18  Metabolic Boost  
  17  1:29  Queen  
  19  1:33  Zergling x2  
  19  1:37  Zergling x2  
  21  1:46  Overlord  
  21  1:56  Zergling x2  
  22  2:16  Zergling x2  
Show
View Real Time Build Order
Export as new Build Order

FuRiouS Protoss 

Build Orders: 1 Gate Expand 

Get SALT Encoding   

  12  0:01  Probe (Chrono Boost)  
  13  0:12  Probe (Chrono Boost)  
  14  0:21  Pylon  
  14  0:24  Probe (Chrono Boost)  
  15  0:39  Probe (Chrono Boost)  
  16  0:46  Gateway  
  16  0:50  Probe (Chrono Boost)  
  17  1:00  Probe (Chrono Boost)  
  18  1:13  Nexus  
  18  1:16  Probe (Chrono Boost)  
  19  1:21  Assimilator  
  19  1:27  Probe (Chrono Boost)  
  20  1:38  Cybernetics Core, Probe (Chrono Boost)  
  21  1:46  Gateway  
  21  1:49  Probe (Chrono Boost)  
  22  1:54  Assimilator  
  21  2:23  Pylon  
Tags
 
Add a new tag
Caveats
  • Supply blocks, unpowered buildings, or Contaminate may cause inaccurate times.
  • Supply counts are checked every 10 seconds.